 Dungeon Crawl Stone Soup version 0.30-a0-1075-gcd70e7a56d (webtiles) character file.

Game seed: 8951836478117092361

30 kae the Insei (level 3, 0/26 HPs)
             Began as a Demonspawn Transmuter on Apr 14, 2023.
             Slain by a worm (9 damage)
             ... on level 2 of the Dungeon.
             The game lasted 00:01:03 (1229 turns).

kae the Insei (Demonspawn Transmuter)               Turns: 1229, Time: 00:01:04

Health: 0/26       AC:  2    Str: 10    XL:     3   Next: 5%
Magic:  3/6        EV: 12    Int: 16    God:
Gold:   37         SH:  0    Dex: 13    Spells: 3/6 levels left

rFire   . . .      SeeInvis .      - Unarmed
rCold   . . .      Faith    .    (no shield)
rNeg    . . .      Spirit   .    a - +0 robe
rPois   .          Reflect  .    (helmet currently unavailable)
rElec   .          Rampage  .    (no cloak)
rCorr   .                        (no gloves)
Will    .....                    (boots currently unavailable)
Stlth   +                        (no amulet)
HPRegen 0.24/turn                (no ring)
MPRegen 0.10/turn                (no ring)

@: appendages (expiring), wereblooded (expiring)
A: talons 2, antennae 1
a: End Transformation


You were on level 2 of the Dungeon.
You had temporarily grown beastly talons.
You visited 1 branch of the dungeon, and saw 2 of its levels.

You collected 37 gold pieces.


Innate Abilities, Weirdness & Mutations

You have temporarily grown beastly talons.
You have a pair of small antennae on your head.


   Skills:
 - Level 1.0 Fighting
 - Level 1.7 Dodging
 + Level 3.0 Unarmed Combat
 + Level 2.3 Spellcasting
 * Level 2.6 Transmutations


You had 3 spell levels left.
You knew the following spells:

 Your Spells              Type           Power      Damage    Failure   Level
a - Beastly Appendage     Tmut           20%        N/A       7%          1
b - Wereblood             Tmut           10%        N/A       11%         2

Your spell library contained the following spells:

 Spells                   Type           Power      Damage    Failure   Level
 Cigotuvi's Dreadful Rot  Necr/Pois/Air  2%         N/A       30%         2
 Spider Form              Tmut/Pois      6%         N/A       34%         3
 Ice Form                 Ice/Tmut       6%         N/A       75%         4
 Dispel Undead            Necr           1%         3d6       89%         4
 Death Channel            Necr           0%         N/A       100%        6

Inventory:

Missiles
 c - 12 stones
Armour
 a - a +0 robe (worn)
Potions
 b - a potion of lignification {!q}

Dungeon Overview and Level Annotations

Branches:
Dungeon (2/15) Zot: 10770

Altars:

#.......#
#.......#
#.......#
#.......###
#.......#.. #
#.......#.######.#
#####.#.#.........
####+#.#..g...w#
#.....@#...r...#
#....)w#.......#
#......'.g......g
#......#......#..
#......#......# .
#......#......#
#......#......#
#......#.######
#........$


You could see a worm.


Message History

* * * LOW HITPOINT WARNING * * *
You feel sick. The adder closely misses you. The adder bites you.
* * * LOW HITPOINT WARNING * * *
😱 HP[-2]
You take 2 damage, and now have 1/21 hp.
Unknown command.
You feel much better.
Your talons disappear.
You feel sick.
The adder bites you but does no damage. 😕 HP[+19]
You regained 19 hp, and now have 20/21 hp.
You hit the adder.
You kill the adder!
You feel sick.
Your Unarmed Combat skill increases to level 3!
You feel sick. 😕 HP[-1]
You take 1 damage, and now have 19/21 hp.
Unknown command.
You feel sick. 😕 HP[-1]
You take 1 damage, and now have 18/21 hp.
You start resting.
You feel sick.
You are no longer poisoned. 😕 HP[-1]
You take 1 damage, and now have 17/21 hp.
You start resting. 😎 HP[+4]
Your hp is fully restored (21).
There is a stone staircase leading down here.
Okay, then.
As you read the scroll labelled JIFEVV XYOROJ, it crumbles to dust.
You feel aware of your surroundings.
It was a scroll of magic mapping.
Memorise Wereblood, consuming 2 spell levels and leaving 2?
You start memorising the spell.
You continue memorising. x2
You finish memorising.
Spell assigned to 'b'.
Casting: Beastly Appendage (safe; 9% risk of failure)
Confirm with . or Enter, or press ? or * to list all spells.
Your blood is infused with primal strength. 😎 MP[-2]
You lost 2 mp, and now have 3/5 mp.
Casting: Wereblood (safe; 12% risk of failure)
Confirm with . or Enter, or press ? or * to list all spells.
Your feet morph into talons. 😎 MP[-1]
You lost 1 mp, and now have 2/5 mp.
You climb downwards.
The goblin hits you with a +0 club. The goblin hits you but does no damage.
There is a stone staircase leading up here. 😕 HP[-3]
You take 3 damage, and now have 18/21 hp.
You hit the goblin.
You feel a bit better.
You kill the goblin!
The goblin misses you.
You hit the goblin.
You feel a bit better.
You kill the goblin!
You have reached level 3!
Your experience leads to an increase in your attributes!
Increase (S)trength, (I)ntelligence, or (D)exterity?
You feel clever. x2 😕 HP[+7]
You now have 26 max hp (+5).
You regained 7 hp, and now have 25/26 hp.
You closely miss the goblin. Your kick misses the goblin.
The goblin hits you with a +0 club.
You closely miss the goblin.
The goblin hits you with a +0 club. 😕 HP[-5] MP[+1]
You take 5 damage, and now have 20/26 hp.
You hit the rat.
You feel a bit better.
You kill the rat!
The goblin misses you.
You hit the goblin.
You howl as the wereblood boils in your veins!
Your transformation is almost over.
The goblin hits you with a +0 club. 😮 HP[-1]
You take 1 damage, and now have 19/26 hp.
You punch the goblin!
You feel a bit better.
You kill the goblin!
You hit the worm. 😕 HP[+2]
You regained 2 hp, and now have 21/26 hp.
You hit the worm.
Your primal bloodlust is almost over.
The worm bites you.
You hit the worm but do no damage. You claw the worm! You barely miss the worm.
The worm bites you!
* * * LOW HITPOINT WARNING * * *
You are too injured to fight recklessly! 😨 HP[-8]
You take 8 damage, and now have 13/26 hp.
MASSIVE DAMAGE!! (PAUSE)
You hit the worm but do no damage. The worm bites you.
* * * LOW HITPOINT WARNING * * *
😨 HP[-5]
You take 5 damage, and now have 8/26 hp.
You barely miss the worm.
You hear a shout!
You hit the worm. Your kick misses the worm. The worm bites you!
You die...

Skill      XL: |  1  2 |
---------------+-------+-----
Transmutations | 2 |  2.6
Unarmed Combat | 3 |  3.0
Fighting       | |  1.0
Dodging        | |  1.7
Spellcasting   | |  2.3

Action                     || total
---------------------------++-------
  Melee: Unarmed           ||    60
         Kick              ||     6
         Headbutt          ||     2
   Cast: Beastly Appendage ||    15
         Wereblood         ||     1
    Use: Scroll            ||     3
         Potion            ||     1
   Stab: Sleeping          ||     1
 Armour: Robe              ||    13
  Dodge: Dodged            ||    35

Levels and vault maps discovered:
D:1:      dpeg_arrival_water_fire, layout_basic
D:2:      layout_basic, basic_ecumenical_altar, minmay_pentomino_u4,
          uniq_natasha, uniq_robin, uniq_crazy_yiuf_cottage

Notes
Turn   | Place    | Note
-------+----------+-------------------------------------------
     0 | D:1      | kae the Demonspawn Transmuter began the quest for the Orb.
     0 | D:1      | Reached XP level 1. HP: 15/15 MP: 3/3
     0 | D:1      | magus.rc [v1.11.3]
   261 | D:1      | You pick up a book of Decay and begin reading...
   261 | D:1      | You add the spells Cigotuvi's Dreadful Rot, Dispel Undead
                  | and Death Channel to your library.
   283 | D:1      | Reached skill level 2 in Transmutations
   395 | D:1      | Gained mutation: You have a pair of small antennae on your
                  | head. [demonic ancestry]
   395 | D:1      | Reached XP level 2. HP: 21/21 MP: 5/5
  1180 | D:1      | HP: 5/21 [poisoned by an adder]
  1183 | D:1      | HP: 2/21 [poisoned by an adder]
  1186 | D:1      | Reached skill level 3 in Unarmed Combat
  1210 | D:1      | Learned a level 2 spell: Wereblood
  1218 | D:2      | Reached XP level 3. HP: 25/26 MP: 2/6
  1229 | D:2      | Slain by a worm

Vanquished Creatures
  An adder (D:1)
  3 endoplasms (D:1)
  5 goblins
  A kobold (D:1)
  4 ball pythons (D:1)
  2 bats
  A frilled lizard (D:1)
  4 rats
21 creatures vanquished.

Table legend:
 A = Non-vault XP
 B = Vault XP
 C = Vault XP percentage of total XP
 D = Non-vault monster count
 E = Vault monster count
 F = Vault count percentage of total count
                 A         B        C        D         E       F
            +---------+---------+-------+---------+---------+-------
      Total |      28 |      16 |  36.4 |      18 |       3 |  14.3
            +---------+---------+-------+---------+---------+-------
        D:1 |      23 |      13 |  36.1 |      15 |       1 |   6.2
        D:2 |       5 |       3 |  37.5 |       3 |       2 |  40.0
            +---------+---------+-------+---------+---------+-------

Illustrated notes

Table legend:
 A = Kills in this place as a percentage of kills in the entire game.
 B = Kills by you in this place as a percentage of kills by you in the entire game.
 C = Kills by friends in this place as a percentage of kills by friends in the entire game.
 D = Other kills in this place as a percentage of other kills in the entire game.
 E = Experience gained in this place as a percentage of experience gained in the entire game.
 F = Experience gained in this place divided by the number of levels of this place that you have seen.
                   A       B       C       D       E      F
               +-------+-------+-------+-------+-------+----------------------
         Total | 100.0 | 100.0 |   N/A |   N/A | 100.0 |  22.0
       Dungeon | 100.0 | 100.0 |   N/A |   N/A | 100.0 |  22.0
               +-------+-------+-------+-------+-------+----------------------

Table legend: (Time is in decaauts)
 A = Elapsed time spent in this place.
 B = Non-inter-level travel time spent in this place.
 C = Inter-level travel time spent in this place.
 D = Time resting spent in this place.
 E = Time spent auto-exploring this place.
 F = Levels seen in this place.
 G = Mean time per level.
                   A        B        C        D        E       F      G
               +--------+--------+--------+--------+--------+-----+--------+
         Total |   1228 |   1188 |     40 |     15 |   1008 |   2 |  614.0 |
       Dungeon |   1228 |   1188 |     40 |     15 |   1008 |   2 |  614.0 |
               +--------+--------+--------+--------+--------+-----+--------+

Top non-repeatable levels by time:
     D:1: 1186 daAuts
     D:2: 41 daAuts
